cohdb
Replays
Latest Replays
All Replays
Popular Replays
Top Player Replays
Match Explorer
How It Works
Community
CoH3 Stats
Reddit
Sign in to upload your games and track your stats! →
Sign in with Steam
Match 43470362
Unlisted
Match 43470362
Overview
Messages
Build Orders
End
Construct Infanterie Kompanie
Kettenkrad Recon Vehicle
Selects Terror Battlegroup
Selects Machine Gun Camouflage
MG 42 Machine Gun Team
GrW 34 Mortar Team
Medical Bunker
MG 42 Machine Gun Team
Construct Panzergrenadier Kompanie
Panzergrenadier Squad
Panzergrenadier Squad
Panzergrenadier Squad
Construct Panzer Kompanie
Selects Contempt for the Weak
Stoßtruppen Squad
Pak 40 Anti-tank Gun Team
Panzer IV Medium Tank
Panzer Officer Quarters
Selects Propaganda Leaflet Drop
Propaganda Leaflet Drop
Selects V1 Rocket Strike
Panzer IV Medium Tank
Support Elements
Selects Defend the Fatherland
Propaganda Leaflet Drop
Drew_Almost_Wins
w0nder
Nukepapa
Fajolada
0
0
Comments
sign in to comment!
No comments posted yet!